 Dungeon Crawl Stone Soup version 0.27-a0-1555-g0e7b3fb1d2 (webtiles) character file.

Game seed: 9119063167552179724

1257 Gwenloh the Chiller (level 8, -10/41 HPs)
             Began as a Deep Elf Ice Elementalist on July 15, 2021.
             Was an Initiate of Vehumet.
             Shot with an arrow by a centaur (13 damage)
             ... on level 6 of the Dungeon.
             The game lasted 00:34:19 (6785 turns).

Gwenloh the Chiller (Deep Elf Ice Elementalist)     Turns: 6785, Time: 00:34:20

Health: -10/41     AC:  2    Str:  5    XL:     8   Next: 26%
Magic:  13/20      EV: 13    Int: 23    God:    Vehumet [......]
Gold:   358        SH:  5    Dex: 21    Spells: 5/21 levels left

rFire    . . .     SeeInvis .   b - +0 dagger
rCold    + . .     Faith    .   (no shield)
rNeg     . . .     Spirit   .   a - +0 robe
rPois    .         Reflect  +   (no helmet)
rElec    .         Harm     .   (no cloak)
rCorr    .         Rampage  .   (no gloves)
Will     .....                  (no boots)
Stlth    ++........             l - amulet of reflection
HPRegen  0.13/turn              k - +6 ring of dexterity
MPRegen  0.17/turn              p - ring of protection from cold

@: very slightly contaminated
A: no striking features
a: Renounce Religion


You were on level 6 of the Dungeon.
You worshipped Vehumet.
Vehumet was noncommittal.
You visited 2 branches of the dungeon, and saw 7 of its levels.

You collected 358 gold pieces.

Inventory:

Hand Weapons
 b - a +0 dagger (weapon)
Missiles
 o - 106 stones (quivered)
 u - a curare-tipped dart
 A - a throwing net
Armour
 a - a +0 robe (worn)
 i - a +0 kite shield
Magical Staves
 y - a staff of fire
Jewellery
 k - a +6 ring of dexterity (left hand)
 l - an amulet of reflection (around neck)
 p - a ring of protection from cold (right hand)
 t - a ring of see invisible
 w - a ring of protection from fire
 x - a +6 ring of strength
Wands
 r - a wand of paralysis (8)
Scrolls
 c - 2 scrolls of magic mapping {unknown}
 d - a scroll of enchant armour {unknown}
 f - a scroll of teleportation {unknown}
 m - 3 scrolls of identify {unknown}
 n - a scroll of acquirement {unknown}
 q - a scroll of fog {unknown}
 v - a scroll of immolation {unknown}
 B - a scroll of amnesia {unknown}
Potions
 e - a potion of cancellation {unknown}
 g - a potion of brilliance {unknown}
 h - 2 potions of attraction {unknown}
 j - a potion of invisibility {unknown}
 s - 2 potions of haste {unknown}
 z - 2 potions of heal wounds {unknown}
 C - 2 potions of resistance {unknown}


   Skills:
 - Level 2.4 Dodging
 - Level 2.4 Stealth
 + Level 7.0 Spellcasting
 + Level 5.2 Conjurations
 + Level 7.9 Ice Magic
 * Level 3.6 Air Magic


You had 5 spell levels left.
You knew the following spells:

 Your Spells              Type           Power      Damage    Failure   Level
a - Freeze                Ice            100%       1d11      1%          1
b - Frozen Ramparts       Ice            88%        1d10      1%          3
c - Hailstorm             Conj/Ice       38%        3d9       4%          4
d - Freezing Cloud        Conj/Ice/Air   16%        6-21      22%         5
e - Ozocubu's Armour      Ice            44%        N/A       1%          3

Your spell library contained the following spells:

 Spells                   Type           Power      Damage    Failure   Level
 Poisonous Vapours        Pois/Air       32%        N/A       5%          2
 Mephitic Cloud           Conj/Pois/Air  21%        N/A       7%          3
 Animate Skeleton         Necr           16%        N/A       8%          1
 Pain                     Necr           32%        1d5       8%          1
 Stone Arrow              Conj/Erth      40%        3d9       8%          3
 Blink                    Tloc           N/A        N/A       12%         2
 Vampiric Draining        Necr           4%         2d6       22%         3
 Animate Armour           Summ/Erth      16%        N/A       58%         4
 Manifold Assault         Tloc           8%         N/A       91%         5
 Storm Form               Tmut/Air       8%         N/A       100%        7
 Lehudib's Crystal Spear  Conj/Erth      10%        10d4      100%        8


Dungeon Overview and Level Annotations

Branches:
Dungeon (6/15)             Temple (1/1) D:5

Altars:
Ashenzari
Cheibriados
Dithmenos
Elyvilon
Gozag
Hepliaklqana
Kikubaaqudgha
Makhleb
Nemelex Xobeh
Okawaru
Qazlal
Sif Muna
Trog
Uskayaw
Vehumet
Wu Jian
Xom
Yredelemnul
Zin
The Shining One

Shops:
D:3 (   D:5 *


Message History

There is a stone staircase leading up here.
The dart slug launches a dart at you.
The slug dart reflects off an invisible shield around you!
The slug dart hits the dart slug.
You climb upwards.
There is a stone staircase leading down here.
You start resting.
Magic restored.
You start resting.
HP restored.
There is a stone staircase leading down here.
You climb downwards.
There is a stone staircase leading up here.
Found a dagger.
Found a robe.
Found a stone staircase leading down.
You open the door.
A centaur comes into view.
There is an open door here.
Casting: Freeze (safe; 1% risk of failure)
Confirm with . or Enter, or press ? or * to list all spells.
The spell is extremely dangerous to cast (22% risk of failure)!
Continue anyway?
Aiming: Freezing Cloud (extremely dangerous; 22% risk of failure)
Press: ? - help, Dir - move target You miscast Freezing Cloud.
You are very lightly contaminated with residual magic.
Energy rips through your body!
The centaur shouts!
The centaur wields a +0 shortbow.
The centaur shoots an arrow.
The arrow hits you!
The centaur shoots an arrow.
The arrow closely misses you.
The centaur shoots an arrow.
The arrow hits you!
As you close the door, it creaks loudly!
Casting: Freezing Cloud (extremely dangerous; 22% risk of failure)
Confirm with . or Enter, or press ? or * to list all spells.
A film of ice covers your body!
Your icy armour cracks and falls away as you move.
The centaur shoots an arrow.
The arrow hits you!
* * * LOW HITPOINT WARNING * * *
The centaur shoots an arrow.
The arrow hits you!
You die...

.## ### ... ..# #.# #.#
#####.# #.# #...#.# #.#
#...#.# #.# ### #
#...#.####.####.##.#
.#.#...#.#............#
..c....+@......>##.##.#
.......#....[......##.#
.......#.#.####.##.##.#
......##.#.##.#.##.##.#
....#. c).....#.##.##.#
....#.................#
... #.##w#....#.##.##.#
.. #. #.#.#..........#
..............#


You could see a centaur and a dart slug.

Vanquished Creatures
  3 ogres (D:5)
  A kobold brigand (D:4)
  3 scorpions
  A bullfrog (D:4)
  2 water moccasin skeletons (D:5)
  An electric eel (D:6)
  3 hounds (D:5)
  A gnoll shaman (D:5)
  A jelly (D:4)
  Jessica (D:3)
  Terence (D:3)
  2 iguanas (D:4)
  Natasha (D:3)
  A hound skeleton (D:4)
  6 gnolls (D:5)
  7 adders
  A white imp (D:5)
  An ufetubus (D:4)
  9 dart slugs
  3 orcs
  13 ball pythons
  6 endoplasms
  7 giant cockroaches
  9 hobgoblins
  3 jackals
  7 kobolds
  5 quokkas
  4 bats
  4 frilled lizards
  10 goblins
  5 rats
122 creatures vanquished.

Notes
Turn   | Place    | Note
-------+----------+-------------------------------------------
     0 | D:1      | Gwenloh the Deep Elf Ice Elementalist began the quest for
                  | the Orb.
     0 | D:1      | Reached XP level 1. HP: 10/10 MP: 6/6
   224 | D:1      | Reached XP level 2. HP: 15/15 MP: 6/8
   520 | D:1      | Found a faded altar of an unknown god.
   592 | D:1      | Reached skill level 5 in Ice Magic
   848 | D:1      | Reached XP level 3. HP: 19/19 MP: 10/10
   853 | D:1      | Learned a level 3 spell: Frozen Ramparts
   857 | D:1      | Learned a level 3 spell: Ozocubu's Armour
  2141 | D:2      | Reached XP level 4. HP: 20/24 MP: 4/12
  2146 | D:2      | Learned a level 4 spell: Hailstorm
  2835 | D:3      | Noticed a scorpion
  2868 | D:3      | Killed a scorpion
  2869 | D:3      | Reached skill level 1 in Conjurations
  2869 | D:3      | Reached XP level 5. HP: 28/28 MP: 4/14
  2993 | D:3      | Noticed Jessica
  2996 | D:3      | Killed Jessica
  3177 | D:3      | Noticed Natasha
  3180 | D:3      | Killed Natasha
  3181 | D:3      | Reached skill level 5 in Spellcasting
  3266 | D:3      | Noticed Terence
  3274 | D:3      | Killed Terence
  3580 | D:3      | Reached XP level 6. HP: 32/32 MP: 11/15
  3771 | D:3      | Found Fukaom's Antique Weapon Shop.
  4508 | D:4      | Reached XP level 7. HP: 36/36 MP: 13/17
  4961 | D:5      | Entered Level 5 of the Dungeon
  4981 | D:5      | Learned a level 5 spell: Freezing Cloud
  5107 | D:5      | Reached skill level 1 in Air Magic
  5428 | D:5      | Reached XP level 8. HP: 41/41 MP: 11/20
  5682 | D:5      | Reached skill level 5 in Conjurations
  5894 | D:5      | Found a staircase to the Ecumenical Temple.
  5903 | Temple   | Entered the Ecumenical Temple
  6039 | Temple   | Became a worshipper of Vehumet
  6222 | D:5      | Identified the +1 scale mail "Tallud" {Dex+3}
  6379 | D:5      | Found Sywnecsy's General Store.
  6785 | D:6      | Shot with an arrow by a centaur

Illustrated notes

Levels and vault maps discovered:
D:1:      dpeg_arrival_pits, layout_basic,
          dreamdust_ecumenical_altar_angels_and_demons
D:2:      layout_basic, grunt_ministairs_11, minmay_cupped
D:3:      kennysheep_six_static_rooms, layout_rooms, serial_shops, shop,
          uniq_natasha, uniq_jessica, uniq_terence
D:4:      layout_loops_cross, minmay_diced_spiral
D:5:      layout_basic, lemuel_temple_firewalk_b, serial_shops, shop,
          cheibrodos_gnoll_hut
D:6:      kennysheep_slugbush, layout_basic, roderic_serpentine_path,
          minmay_fractal_squares_diagonal_5, uniq_edmund
Temple:   regret_index_temple_chain_breaker

Skill      XL: |  1  2  3  4  5  6  7  8 |
---------------+-------------------------+-----
Ice Magic      | 5 6 7 |  7.9
Spellcasting   | 4 5 6 7 |  7.0
Conjurations   | 1 2 3 4 5 |  5.2
Air Magic      | 2 3 |  3.6
Dodging        | |  2.4
Stealth        | |  2.4

Action                   |  1- 3 |  4- 6 |  7- 9 || total
-------------------------+-------+-------+-------++-------
Melee: Dagger            |    13 |     9 |    89 ||   111
Throw: Stone             |       |    51 |    12 ||    63
 Cast: Freeze            |    39 |    13 |    27 ||    79
       Frozen Ramparts   |    24 |    31 |    12 ||    67
       Ozocubu's Armour  |     2 |     7 |     9 ||    18
       Hailstorm         |       |     2 |     4 ||     6
Evoke: Wand              |       |       |     1 ||     1
 Stab: Sleeping          |     1 |     1 |       ||     2
       Paralysed         |       |       |     1 ||     1
Armor: Robe              |     2 |     4 |    41 ||    47
Dodge: Dodged            |    18 |     8 |    62 ||    88
Block: Other             |       |     3 |    18 ||    21
       Reflection        |       |       |     1 ||     1

Table legend: (Time is in decaauts)
 A = Elapsed time spent in this place.
 B = Non-inter-level travel time spent in this place.
 C = Inter-level travel time spent in this place.
 D = Time resting spent in this place.
 E = Time spent auto-exploring this place.
 F = Levels seen in this place.
 G = Mean time per level.
                   A        B        C        D        E       F      G
               +--------+--------+--------+--------+--------+-----+--------+
         Total |   6790 |   6625 |    165 |    646 |   4891 |   7 |  970.0 |
       Dungeon |   6641 |   6509 |    132 |    646 |   4778 |   6 | 1106.8 |
        Temple |    148 |    115 |     33 |      0 |    113 |   1 |  148.0 |
               +--------+--------+--------+--------+--------+-----+--------+

Top non-repeatable levels by time:
     D:5: 1625 daAuts
     D:1: 1350 daAuts
     D:2: 1331 daAuts
     D:3: 1162 daAuts
     D:4: 1120 daAuts
  Temple: 148 daAuts
     D:6: 51 daAuts
